Map: Pillars of Gold LE

Players

Pacomike

  • Race: Protoss Protoss
  • League: Grandmaster
  • Spawn Location: 7:00

TheZergLord - Winner!

  • Race: Zerg Zerg
  • Spawn Location: 1:00

Event: DreamHack SC2 Masters 2020 Winter

VOD

Have the link to the VOD?

Description

Time

  • Played on: Oct. 21, 2020, 4:13 p.m.
  • Length: 12:02

All games in this series

Show
View Real Time Build Order
Export as new Build Order

Pacomike Protoss 

Build Orders: 1 Gate Expand, Oracle Opening 

Get SALT Encoding   

  12  0:00  Probe  
  13  0:12  Probe  
  14  0:18  Pylon  
  14  0:24  Probe  
  15  0:36  Probe (Chrono Boost)  
  15  0:40  Gateway  
  16  0:46  Probe (Chrono Boost)  
  16  0:49  Assimilator  
  17  0:51  Probe (Chrono Boost)  
  18  1:03  Probe  
  19  1:15  Probe  
  20  1:27  Nexus  
  20  1:36  Cybernetics Core  
  20  1:39  Probe  
  21  1:47  Assimilator  
  21  1:51  Probe  
  22  1:55  Pylon  
  22  2:03  Probe  
  23  2:10  Adept (Chrono Boost)  
  26  2:15  Probe  
  26  2:24  Stargate  
  26  2:27  Probe  
  27  2:31  Adept (Chrono Boost)  
  29  2:37  Warp Gate  
  29  2:43  Probe x2 (Chrono Boost)  
  31  2:52  Probe (Chrono Boost)  
  31  2:53  Adept  
  31  2:55  Probe (Chrono Boost)  
  35  2:59  Probe  
  35  3:04  Probe  
  37  3:08  Oracle (Chrono Boost)  
  40  3:18  Probe  
  39  3:21  Probe  
  39  3:24  Gateway, Adept  
  42  3:30  Probe  
  42  3:32  Assimilator  
  42  3:33  Probe  
  44  3:35  Assimilator  
  44  3:38  Pylon  
  44  3:45  Probe  
  44  3:46  Probe  
  44  3:47  Void Ray (Chrono Boost)  
  46  3:57  Probe  
  46  3:58  Probe  
  52  4:09  Probe  
  53  4:10  Probe  
  54  4:17  Pylon  
  54  4:34  Probe x2  
  54  4:40  Nexus  
  54  4:41  Pylon  
  54  4:44  Robotics Facility  
  52  4:46  Probe x2  
  52  4:50  Forge, Twilight Council  
  54  4:58  Probe x2  
  56  5:00  Pylon  
  56  5:06  Shield Battery  
  56  5:10  Probe x2  
  58  5:16  Gateway  
  58  5:17  Gateway  
  58  5:19  Adept  
  60  5:22  Probe x2  
  60  5:24  Blink  
  60  5:26  Protoss Ground Weapons Level 1 (Chrono Boost)  
  62  5:32  Observer  
  62  5:35  Probe x2  
  64  5:47  Probe x2, Immortal  
  66  5:53  Probe  
  66  5:54  Gateway  
  66  5:55  Gateway  
  71  5:57  Sentry x2  
  71  5:59  Probe x2  
  77  6:05  Probe  
  77  6:11  Assimilator, Probe x2  
  80  6:13  Assimilator  
  80  6:18  Pylon x2, Probe  
  81  6:25  Probe  
  82  6:26  Probe  
  82  6:28  Pylon, Immortal  
  87  6:34  Probe  
  87  6:38  Probe  
  87  6:39  Sentry  
  91  6:40  Sentry  
  91  6:41  Sentry x2  
  97  6:50  Probe  
  98  6:59  Gateway  
  98  7:00  Stalker  
  98  7:01  Stalker, Gateway  
  102  7:03  Probe  
  102  7:04  Pylon  
  102  7:05  Pylon x2  
  103  7:09  Warp Prism  
  103  7:14  Robotics Bay  
  103  7:15  Robotics Facility  
  102  7:23  Stalker x4, Protoss Ground Weapons Level 2 (Chrono Boost)  
  102  7:24  Stalker  
  102  7:29  Stalker  
  114  7:37  Charge  
  114  7:41  Pylon  
  114  7:51  Nexus  
  114  7:57  Disruptor (Chrono Boost)  
  114  7:58  Disruptor (Chrono Boost)  
  120  8:07  Probe x3  
  120  8:08  Pylon  
  120  8:09  Pylon  
  120  8:10  Pylon  
  123  8:16  Photon Cannon  
  123  8:19  Probe x2  
  125  8:21  Probe  
  125  8:26  Disruptor, Shield Battery  
  125  8:27  Photon Cannon, Disruptor  
  129  8:28  Pylon  
  132  8:38  Probe  
  133  8:51  Probe x2  
  131  8:56  Stalker x2  
  131  8:57  Stalker x4  
  131  9:02  Disruptor  
  135  9:14  Probe  
  135  9:15  Probe x2  
  138  9:18  Probe  
  138  9:23  Pylon  
  139  9:26  Pylon, Probe  
  139  9:27  Probe x2  
  139  9:30  Probe  
  143  9:32  Assimilator x2  
  143  9:34  Disruptor  
  143  9:38  Probe  
  131  9:39  Probe  
  132  9:54  Zealot  
  132  9:55  Zealot x7  
  132  9:58  Probe x2  
  150  10:02  Templar Archives  
  150  10:05  Pylon  
  146  10:07  Pylon  
  146  10:12  Probe  
  129  10:20  Zealot x7  
  129  10:21  Zealot  
  115  10:23  Disruptor  
  115  10:26  Psionic Storm  
  94  10:42  Probe (Chrono Boost)  
  85  10:45  Probe (Chrono Boost)  
  84  10:50  Photon Cannon, Probe x2 (Chrono Boost)  
  84  10:52  High Templar x3, Photon Cannon  
  84  10:53  High Templar, Photon Cannon, Probe (Chrono Boost)  
  84  10:55  Probe (Chrono Boost)  
  84  10:56  Archon  
  84  10:57  Archon  
  94  10:58  High Templar x4  
  94  11:01  Probe (Chrono Boost)  
  94  11:03  Probe  
  103  11:05  Probe  
  103  11:06  Probe  
  106  11:16  Probe  
  106  11:17  Probe  
  106  11:18  Probe  
  109  11:24  Photon Cannon  
  109  11:26  Photon Cannon, Pylon  
  115  11:33  High Templar x2  
  115  11:39  Archon  
  119  11:40  Zealot x2  
  119  11:41  Zealot x2  
  126  11:48  Zealot x2  
  126  11:51  Archon x2  
Show
View Real Time Build Order
Export as new Build Order

TheZergLord Zerg - Winner!

Build Orders: Hatch First, Roach Hydra 

Get SALT Encoding   

  12  0:00  Drone  
  13  0:13  Overlord  
  13  0:17  Drone  
  14  0:31  Drone x2  
  16  0:50  Hatchery  
  16  0:53  Drone  
  16  0:58  Drone  
  16  1:00  Drone  
  18  1:11  Extractor  
  18  1:16  Spawning Pool  
  16  1:19  Drone  
  16  1:22  Drone  
  18  1:28  Drone  
  20  1:40  Drone  
  20  1:50  Overlord  
  20  2:02  Queen x2  
  20  2:03  Zergling x4  
  26  2:11  Drone  
  26  2:14  Drone  
  26  2:15  Metabolic Boost  
  28  2:24  Drone x2  
  30  2:41  Hatchery  
  30  2:43  Zergling x2  
  30  2:44  Drone  
  30  2:50  Queen  
  33  2:56  Overlord  
  33  2:59  Drone  
  34  3:10  Drone x2  
  35  3:17  Drone x5  
  40  3:23  Spore Crawler  
  40  3:25  Drone x2  
  41  3:30  Spore Crawler  
  40  3:34  Zergling x4  
  40  3:40  Queen  
  44  3:48  Overlord x2  
  44  3:53  Queen  
  44  3:54  Drone  
  47  3:57  Drone  
  47  3:58  Drone  
  49  4:03  Drone  
  50  4:11  Drone x4  
  50  4:12  Drone x2  
  50  4:16  Overlord  
  56  4:19  Zergling x2  
  56  4:24  Drone  
  58  4:26  Drone x3  
  59  4:38  Drone  
  59  4:39  Drone x6  
  59  4:42  Spore Crawler  
  59  4:44  Drone  
  66  4:46  Lair  
  66  4:53  Roach Warren  
  66  4:56  Extractor  
  66  4:59  Extractor  
  63  5:00  Drone  
  63  5:01  Drone  
  63  5:02  Drone  
  63  5:04  Overlord x2  
  66  5:10  Overlord  
  66  5:20  Overlord  
  66  5:25  Drone x3  
  66  5:26  Drone x7  
  66  5:27  Drone x2  
  77  5:30  Extractor  
  77  5:32  Evolution Chamber  
  77  5:33  Extractor  
  77  5:35  Drone x3  
  77  5:41  Drone x2  
  79  5:45  Drone  
  79  5:46  Glial Reconstitution  
  80  5:50  Drone x2  
  80  5:52  Drone x2  
  80  5:53  Hydralisk Den, Baneling Nest  
  82  6:00  Zerg Missile Weapons Level 1  
  82  6:06  Extractor, Hatchery, Roach  
  82  6:07  Roach x3  
  82  6:09  Overlord  
  88  6:12  Overseer  
  88  6:16  Overlord  
  88  6:20  Overlord  
  88  6:25  Muscular Augments, Overlord x2  
  88  6:28  Hydralisk x3  
  88  6:30  Hydralisk  
  96  6:36  Hydralisk x2  
  100  6:54  Overlord x2  
  100  7:03  Centrifical Hooks  
  100  7:06  Overlord  
  100  7:11  Drone x12  
  111  7:21  Hydralisk x3  
  117  7:23  Queen  
  117  7:24  Baneling  
  117  7:25  Baneling x3  
  117  7:26  Hydralisk x2  
  117  7:29  Roach x3  
  129  7:31  Ravager x2  
  129  7:32  Ravager x2  
  133  7:37  Roach x3  
  133  7:38  Roach  
  133  7:43  Grooved Spines  
  141  7:45  Zergling x4  
  141  7:46  Zergling x12  
  141  7:48  Spore Crawler  
  148  7:54  Zergling x4  
  150  8:01  Zerg Melee Weapons Level 1  
  150  8:02  Drone x4  
  150  8:03  Drone x2, Hatchery  
  150  8:04  Drone  
  155  8:11  Evolution Chamber  
  154  8:15  Zergling x2  
  154  8:16  Zergling x10  
  154  8:18  Overlord x3  
  160  8:24  Baneling  
  160  8:25  Baneling x16  
  160  8:26  Baneling x2  
  160  8:32  Overlord  
  160  8:35  Baneling  
  160  8:36  Baneling x11  
  160  8:41  Zergling x6  
  163  8:42  Zergling x12  
  165  8:59  Zergling x8  
  165  9:00  Zergling x14  
  174  9:06  Zergling x4  
  174  9:07  Zergling x10  
  177  9:15  Queen  
  177  9:16  Drone x6  
  177  9:17  Drone  
  186  9:24  Hatchery  
  186  9:25  Baneling  
  186  9:26  Baneling x25  
  186  9:27  Baneling x8  
  185  9:38  Zerg Missile Weapons Level 2  
  173  9:50  Zergling x18  
  173  9:51  Zergling x30  
  178  10:08  Hydralisk x2  
  178  10:09  Hydralisk x4  
  178  10:10  Zergling x4  
  175  10:21  Hydralisk x6  
  154  10:22  Hydralisk x2  
  167  10:30  Hydralisk x2  
  167  10:32  Zergling x14  
  167  10:33  Zergling x8  
  177  10:38  Drone x3  
  177  10:50  Queen  
  177  10:51  Extractor  
  177  10:57  Queen x2  
  178  11:01  Baneling x9  
  178  11:02  Baneling x2  
  182  11:06  Zergling x6  
  182  11:07  Zergling x24  
  197  11:21  Baneling x10  
  197  11:26  Zergling x2  
  197  11:27  Zergling x4  
Tags
 
Add a new tag
Caveats
  • Supply blocks, unpowered buildings, or Contaminate may cause inaccurate times.
  • Supply counts are checked every 10 seconds.